Construct Section Command Post
Construct Field Infirmary
Selects Artillery Saturation
Construct Platoon Command Post
Unlock M3 Stuart Light Tanks
Selects Gurkha Rifles Section
Unlock Bishop Self-propelled Artillery
Bishop Self-propelled Artillery
Selects Off-map Airburst Barrage
Bishop Self-propelled Artillery
Bishop Self-propelled Artillery
Bishop Self-propelled Artillery
6-pounder Anti-tank Gun Team
Selects Perimeter Monitor
Construct Company Command Post
6-pounder Anti-tank Gun Team
6-pounder Anti-tank Gun Team
Unlock Towed 17-pounder Anti-tank Guns
Unlock M3 Grant Medium Tanks
Selects Indian Artillery Battlegroup
Selects Indian Artillery Battlegroup